 Dungeon Crawl Stone Soup version 0.21.1-1-g345015f (webtiles) character file.

122 zishaf the Chucker (level 5, -4/61 HPs)
             Began as an Ogre Hunter on May 14, 2018.
             Killed from afar by an orc wizard (6 damage)
             ... with a puff of frost
             ... on level 2 of the Dungeon.
             The game lasted 00:10:00 (3167 turns).

zishaf the Chucker (Ogre Hunter)                    Turns: 3167, Time: 00:10:00

Health: -4/61      AC:  8    Str: 16 (17) XL:     5   Next: 6%
Magic:  5/5        EV:  9    Int: 15 (17) God:
Gold:   111        SH:  0    Dex:  6 (9)  Spells: 4/4 levels left

rFire    . . .     SeeInvis .   j - +0 mace
rCold    . . .     Gourm    .   (no shield)
rNeg     . . .     Faith    .   b - +0 robe
rPois    .         Spirit   .   (helmet restricted)
rElec    .         Reflect  .   u - +2 cloak
rCorr    .         Harm     .   (gloves unavailable)
MR       .....                  (boots unavailable)
Stlth    +.........             (no amulet)
HPRegen  0.20/turn              (no ring)
MPRegen  0.09/turn              (no ring)

@: brilliant, lethally poisoned (-4 -> -61), flying
A: large, unfitting armour, rugged brown scales 1, thin metallic scales 1,
deformed body, robust 1, tough skin 1
a: no special abilities


You were on level 2 of the Dungeon.
You were not hungry.

You visited 1 branch of the dungeon, and saw 3 of its levels.

You collected 111 gold pieces.

Inventory:

Hand Weapons
 j - a +0 mace (weapon)
Missiles
 d - a throwing net
 g - 4 large rocks (quivered)
 h - 46 stones
Armour
 b - a +0 robe (worn)
 u - a +2 cloak (worn)
Wands
 q - a wand of polymorph (10)
Scrolls
 a - a scroll of remove curse {unknown}
 e - 2 scrolls of teleportation {unknown}
 i - a scroll of enchant weapon {unknown}
 k - a scroll of enchant armour {unknown}
 n - a scroll of amnesia {unknown}
 o - 2 scrolls of identify {unknown}
 s - a scroll of immolation {unknown}
Potions
 m - a potion of agility {unknown}
 r - a potion of mutation
Comestibles
 c - 2 chunks of flesh
 f - 9 rations


   Skills:
 - Level 4.0 Fighting
 + Level 3.5 Maces & Flails
 - Level 4.0 Throwing
 - Level 1.7 Dodging
 - Level 0.6 Stealth


You had 4 spell levels left.
You didn't know any spells.

Dungeon Overview and Level Annotations

Branches:
Dungeon (3/15)

Altars:
Makhleb
Trog
Wu Jian
Yredelemnul


Innate Abilities, Weirdness & Mutations

You are too large for most types of armour.
You have tough skin. (AC +1)
You are partially covered in rugged brown scales. (AC +1, +3% HP)
You are partially covered in thin metallic scales. (AC +2)
Armour fits poorly on your strangely shaped body.
You are robust. (+10% HP)


Message History

You are more poisoned.
It was a potion of degeneration.
There was something very wrong with that liquid.
You feel weakened.
You feel dopey.
You feel clumsy.
* * * LOW HITPOINT WARNING * * *
You feel very sick.
The orc wizard hits you with a dagger of venom.
* * * LOW HITPOINT WARNING * * *
You are more poisoned.
The orc wizard hits you but does no damage.
The orc wizard barely misses you.
It was a potion of flight.
You feel very buoyant.
You fly up into the air.
* * * LOW HITPOINT WARNING * * *
You feel very sick.
The orc wizard hits you but does no damage.
The orc wizard gestures at you while chanting.
The puff of frost hits you!
You die...

.###...#.................##...#.#
.........................##)..#.#
.........................##...#.#
................)...............#
.................###......##.####
.....###...................#.# #
.....# ##.###..<.###.......#.# #
.....# #.# #.#o.# #.......#.####
.....# #.# #..o@# #.......#.....
.....# #.######.# #.......#.....
.....# #.#....#.# #......##.####
.....# #.#.##.#.# #......##.#
.....# #.#.##.#.# #...#####.#
###### #.#.##.#.# #...# #.# #
#.#.##.#.# ##.## #.#### #
#.#.#..#.# #.# #.#<.. #
#.#....#.# #.######.####


You could see 2 orc wizards.

Vanquished Creatures
  A howler monkey (D:2)
  2 adders
  2 worms
  An orc (D:2)
  3 giant cockroaches
  7 goblins
  8 hobgoblins
  7 kobolds
  A quokka (D:2)
  12 bats
  5 frilled lizards (D:2)
  13 rats
62 creatures vanquished.

Notes
Turn   | Place    | Note
-------+----------+-------------------------------------------
     0 | D:1      | zishaf the Ogre Hunter began the quest for the Orb.
     0 | D:1      | Reached XP level 1. HP: 22/22 MP: 1/1
   185 | D:1      | Reached XP level 2. HP: 31/31 MP: 2/2
   709 | D:1      | Reached skill level 1 in Maces & Flails
  1012 | D:2      | Reached XP level 3. HP: 39/39 MP: 3/3
  1034 | D:2      | Reached XP level 4. HP: 41/48 MP: 4/4
  1840 | D:2      | Found a burning altar of Makhleb.
  2142 | D:2      | Noticed a moth of wrath
  2145 | D:2      | Found a bloodstained altar of Trog.
  2314 | D:2      | Found a basalt altar of Yredelemnul.
  2935 | D:3      | Reached XP level 5. HP: 54/54 MP: 5/5
  3017 | D:3      | Noticed an ogre
  3026 | D:3      | Gained mutation: Armour fits poorly on your strangely shaped body. [potion of mutation]
  3026 | D:3      | Gained mutation: You are robust. (+10% HP) [potion of mutation]
  3026 | D:3      | Gained mutation: You are partially covered in thin metallic scales. (AC +2) [potion of mutation]
  3026 | D:3      | Gained mutation: You are partially covered in rugged brown scales. (AC +1, +3% HP) [potion of mutation]
  3045 | D:3      | Found an ornate altar of the Wu Jian Council.
  3167 | D:2      | HP: 2/61 [poisoned by an orc wizard]
  3167 | D:2      | Killed from afar by an orc wizard

Skill      XL: |  1  2  3  4 |
---------------+-------------+-----
Fighting       | 3 4 |  4.0
Maces & Flails | 1 2 3 |  3.5
Throwing       | |  4.0
Dodging        | |  1.7
Stealth        | |  0.6

Action                   |  1- 3 |  4- 6 || total
-------------------------+-------+-------++-------
Melee: Short sword       |     9 |       ||     9
       Mace              |    20 |   101 ||   121
Throw: Stone             |    40 |   109 ||   149
       Large rock        |     9 |     4 ||    13
       Throwing net      |     2 |     1 ||     3
  Use: Potion            |       |     4 ||     4
  Eat: Chunk             |       |     7 ||     7
Armor: Robe              |     7 |    91 ||    98
Dodge: Dodged            |    29 |   115 ||   144
